 Dungeon Crawl Stone Soup version 0.17.1-3-g152610e (webtiles) character file.

2214 Gargoyl the Covered (level 9, 0/69 HPs)
             Began as a Demonspawn Abyssal Knight on Mar 10, 2016.
             Was a High Priest of Lugonu.
             Slain by azazzel4ik's ghost (1 damage)
             ... on level 7 of the Dungeon.
             The game lasted 00:19:07 (7660 turns).

Gargoyl the Covered (Demonspawn Abyssal Knight)     Turns: 7660, Time: 00:19:07

Health: 0/69       AC: 17    Str: 15    XL:     9   Next: 13%
Magic:  7/11       EV:  3    Int: 18    God:    Lugonu [*****.]
Gold:   115        SH:  8    Dex: 18    Spells: 0 memorised, 8 levels left

rFire  . . .     SeeInvis .     v - +10 mace of Todivvu {drain, *Rage Int+4 Dex+5}
rCold  . . .     Rnd*Rage +     E - +1 plate armour {rPois}
rNeg   . . .     SustAt   .     H - +0 shield
rPois  +         Gourm    .     (helmet unavailable)
rElec  .         Spirit   .     g - +0 cloak
rCorr  .         Warding  .     (no gloves)
rMut   .         Stasis   .     (no boots)
MR     .....                    (no amulet)
Stlth  ..........               (no ring)
                                (no ring)

@: drained, not resistant to hostile enchantments, extremely unstealthy
A: horns 3, molten scales 2, spiny 1
a: Depart the Abyss, Bend Space, Banish, Corrupt, Enter the Abyss, Renounce
Religion


You were on level 7 of the Dungeon.
You worshipped Lugonu.
Lugonu was extremely pleased with you.
You were not hungry.

You visited 1 branch of the dungeon, and saw 7 of its levels.
You visited the Abyss 1 time.

You collected 435 gold pieces.
You spent 320 gold pieces at shops.

Inventory:

Hand Weapons
 a - a +1 hand axe
 v - the +10 mace of Todivvu (weapon) {drain, *Rage Int+4 Dex+5}
   (You found it on level 4 of the Dungeon)

   A truly terrible weapon, it drains the life of those it strikes.
   It affects your intelligence (+4).
   It affects your dexterity (+5).
   It may make you go berserk in combat.
Missiles
 u - 123 stones
 w - 13 tomahawks (quivered)
Armour
 g - a +0 cloak (worn)
 E - a +1 plate armour of poison resistance (worn)
 H - a +0 shield (worn)
Wands
 n - a wand of fireball (5)
Scrolls
 b - 4 scrolls of remove curse {unknown}
 c - 3 scrolls of magic mapping {unknown}
 e - 8 scrolls of identify {unknown}
 h - 2 scrolls of fog {unknown}
 i - 2 scrolls of amnesia {unknown}
 j - 4 scrolls of noise {unknown}
 k - 2 scrolls of enchant armour {unknown}
 m - 2 scrolls of fear {unknown}
 q - a scroll of enchant weapon {unknown}
 s - 2 scrolls of recharging {unknown}
 y - a scroll of immolation {unknown}
 A - 2 scrolls of teleportation {unknown}
 B - a scroll of blinking {unknown}
Potions
 d - a potion of curing
 o - 2 potions of brilliance {unknown}
 p - 3 potions of might {unknown}
 r - a potion of cure mutation {unknown}
 t - a potion of berserk rage {unknown}
 x - a potion of flight {unknown}
 z - 3 potions of agility {unknown}
 C - a potion of poison {unknown}
 D - a potion of invisibility {unknown}
 F - 3 potions of heal wounds {unknown}
 I - a potion of beneficial mutation {unknown}
Comestibles
 f - 5 meat rations
 l - a slice of pizza
 G - a chunk of flesh
 J - a beef jerky


   Skills:
 + Level 6.0(5.7) Fighting
 + Level 3.7(4.2) Axes
 + Level 3.6(4.2) Maces & Flails
 + Level 0.1(0.0) Throwing
 + Level 6.1(5.9) Armour
 + Level 5.3(5.1) Dodging
 + Level 1.4(1.2) Stealth
 + Level 1.0(0.9) Shields
 + Level 3.6(3.4) Invocations


You had 8 spell levels left.
You didn't know any spells.

Dungeon Overview and Level Annotations

Branches:
Dungeon (7/15)             Temple (0/1) D:4

Altars:
Dithmenos
Elyvilon
Fedhas
Kikubaaqudgha
Makhleb
Nemelex Xobeh
Ru
Sif Muna
Trog
Xom
Yredelemnul
Zin
The Shining One

Shops:
D:5 [

Annotations:
D:7 azazzel4ik's ghost, novice DEFE


Innate Abilities, Weirdness & Mutations

You have a pair of large horns on your head.
You are mostly covered in molten scales (AC +3, EV -1).
You are partially covered in sharp spines.


Message History

Azazzel4ik's ghost is lightly damaged.
Azazzel4ik's ghost gestures at you while chanting.
The fireball explodes!
The fireball engulfs you!
* * * LOW HITPOINT WARNING * * *
The fireball engulfs azazzel4ik's ghost.
Azazzel4ik's ghost completely resists.
Drink which item? (? for menu, Esc to quit)
Okay, then.
Press: ? - help, Shift-Dir - straight line, f - azazzel4ik's ghost
Aim: azazzel4ik's ghost, wielding a vorpal weapon (lightly damaged, chance to defeat MR: 34%)
You fail to use your ability.
Azazzel4ik's ghost gestures at you while chanting.
The puff of flame hits you!
* * * LOW HITPOINT WARNING * * *
Press: ? - help, Shift-Dir - straight line, f/p - azazzel4ik's ghost
Aim: azazzel4ik's ghost, wielding a vorpal weapon (lightly damaged, chance to defeat MR: 34%) Azazzel4ik's ghost easily resists.
You feel somewhat more hungry. Azazzel4ik's ghost hits you.
* * * LOW HITPOINT WARNING * * *
You die...

....# #....†...#
##### #........#
## #........# ..#
#........# ...#
+........###'#.#
+#........#.....#
...........#...[.#
...####....'.....#
...#..#..@W#.....#
.. #..#....#######
#..'..(.....
#..#.........
#..#(......... .'.
#.......... ..#.
#.......... .(.#
#.......... ..
#....####


You could see azazzel4ik's ghost.

Vanquished Creatures
  Prince Ribbit (D:7)
  An orc warrior (D:6)
  A necrophage (D:2)
  A centaur (D:5)
  3 ogres
  3 ice beasts (D:5)
  2 big kobolds (D:4)
  A jelly (D:5)
  4 wights (D:7)
  The ghost of Kaname the Slasher, a weakling DgSk (D:5)
  3 crimson imps (D:5)
  2 hounds
  3 orc priests
  2 orc wizards
  4 iguanas
  3 worker ants
  11 adders
  5 gnolls
  A shadow imp (D:6)
  3 oozes
  4 adder skeletons
  2 worms (D:2)
  6 giant geckos
  14 orcs
  10 bats
  4 giant cockroaches
  7 goblins
  13 hobgoblins
  19 jackals
  A ball python (D:2)
  6 giant newts
  54 kobolds
  6 quokkas
  A quokka skeleton (D:4)
  9 rats
211 creatures vanquished.

Vanquished Creatures (others)
  A lurking horror (Abyss:1)
1 creature vanquished.

Grand Total: 212 creatures vanquished

Notes
Turn   | Place    | Note
--------------------------------------------------------------
     0 | Abyss:1  | Gargoyl the Demonspawn Abyssal Knight began the quest for the Orb.
     0 | Abyss:1  | Reached XP level 1. HP: 18/18 MP: 2/2
    68 | Abyss:1  | Found a corrupted altar of Lugonu.
   165 | Abyss:1  | Found a corrupted altar of Lugonu.
   317 | Abyss:1  | Noticed an ancient zyme
   320 | Abyss:1  | Noticed a giant orange brain
   321 | Abyss:1  | Noticed a small abomination
   322 | Abyss:1  | Noticed a tentacled starspawn
   324 | D:1      | Escaped the Abyss
   684 | D:1      | Gained mutation: You have a pair of small horns on your head. [demonic ancestry]
   684 | D:1      | Reached XP level 2. HP: 18/24 MP: 4/4
  1237 | D:2      | Gained mutation: You are partially covered in molten scales (AC +1). [demonic ancestry]
  1237 | D:2      | Reached XP level 3. HP: 24/29 MP: 5/5
  1240 | D:2      | Reached skill level 1 in Dodging
  1338 | D:2      | Reached * piety under Lugonu
  1412 | D:3      | Reached skill level 4 in Fighting
  1412 | D:3      | Gained mutation: You have a pair of horns on your head. [demonic ancestry]
  1412 | D:3      | Reached XP level 4. HP: 18/37 MP: 6/6
  2111 | D:2      | Reached XP level 5. HP: 40/42 MP: 7/7
  2225 | D:2      | Reached ** piety under Lugonu
  2241 | D:2      | Noticed a necrophage
  2259 | D:2      | Killed a necrophage
  2669 | D:3      | Gained mutation: You are mostly covered in molten scales (AC +3, EV -1). [demonic ancestry]
  2669 | D:3      | Reached XP level 6. HP: 49/49 MP: 8/8
  2965 | D:3      | Found a glowing golden altar of the Shining One.
  3185 | D:3      | Found a burning altar of Makhleb.
  3503 | D:3      | Found a shimmering altar of Xom.
  3506 | D:3      | Found a bloodstained altar of Trog.
  3511 | D:3      | Found a shadowy altar of Dithmenos.
  3511 | D:3      | Found a glowing silver altar of Zin.
  3512 | D:3      | Found a blossoming altar of Fedhas.
  3513 | D:3      | Found a sacrificial altar of Ru.
  3516 | D:3      | Found an ancient bone altar of Kikubaaqudgha.
  4287 | D:4      | Reached skill level 1 in Stealth
  4324 | D:4      | Got a twisted mace
  4325 | D:4      | Identified the +10 mace of Todivvu {drain, *Rage Int+4 Dex+5} (You found it on level 4 of the Dungeon)
  4356 | D:4      | Found a staircase to the Ecumenical Temple.
  4360 | D:4      | Reached *** piety under Lugonu
  4769 | D:4      | Gained mutation: You are partially covered in sharp spines. [demonic ancestry]
  4769 | D:4      | Reached XP level 7. HP: 46/55 MP: 9/9
  4934 | D:4      | Reached **** piety under Lugonu
  5318 | D:4      | Reached skill level 1 in Maces & Flails
  5556 | D:5      | Entered Level 5 of the Dungeon
  5830 | D:5      | Reached skill level 5 in Fighting
  5834 | D:5      | Reached ***** piety under Lugonu
  5849 | D:5      | Found a white marble altar of Elyvilon.
  5917 | D:5      | Found a basalt altar of Yredelemnul.
  5919 | D:5      | Noticed Kaname's ghost (weakling DgSk)
  5925 | D:5      | Killed Kaname's ghost
  5997 | D:5      | Found Loohagg's Armour Shoppe.
  6005 | D:5      | Bought a +1 plate armour of poison resistance for 320 gold pieces
  6028 | D:5      | Reached XP level 8. HP: 62/62 MP: 10/10
  6177 | D:5      | Reached skill level 5 in Armour
  6467 | D:6      | Reached skill level 5 in Dodging
  6501 | D:6      | Found a deep blue altar of Sif Muna.
  6939 | D:6      | Found a sparkling altar of Nemelex Xobeh.
  7279 | D:7      | Noticed Prince Ribbit
  7289 | D:7      | Killed Prince Ribbit
  7289 | D:7      | Reached skill level 6 in Armour
  7289 | D:7      | Gained mutation: You have a pair of large horns on your head. [demonic ancestry]
  7289 | D:7      | Reached XP level 9. HP: 67/69 MP: 11/11
  7307 | D:7      | Reached skill level 1 in Shields
  7649 | D:7      | Noticed azazzel4ik's ghost (novice DEFE)
  7659 | D:7      | HP: 1/69 [azazzel4ik's ghost/puff of flame (3)]
  7660 | D:7      | Slain by azazzel4ik's ghost

Action                   |  1- 3 |  4- 6 |  7- 9 || total
-------------------------+-------+-------+-------++-------
Melee: Hand axe          |    78 |   241 |       ||   319
       Mace              |       |    21 |   133 ||   154
Throw: Tomahawk          |       |       |     2 ||     2
Invok: Depart the Abyss  |     1 |       |       ||     1
       Banish            |       |       |     1 ||     1
  Use: Potion            |     2 |     1 |     1 ||     4
  Eat: Bread ration      |     1 |       |     2 ||     3
       Chunk             |       |     8 |     6 ||    14
       Beef jerky        |       |       |     1 ||     1
